 Dungeon Crawl Stone Soup version 0.31-a0-700-gf13585253f (webtiles) character file.

Game seed: 17672870518250017409

75 qw the Shooter (level 4, -3/28 HPs)
             Began as a Gargoyle Hunter on Sept 7, 2023.
             Slain by Robin
             ... wielding a +0 whip
              (4 damage)
             ... on level 3 of the Dungeon.
             The game lasted 00:00:28 (1388 turns).

qw the Shooter (Gargoyle Hunter)                    Turns: 1388, Time: 00:00:28

Health: -3/28      AC:  8    Str: 14    XL:     4   Next: 31%
Magic:  4/4        EV: 11    Int: 10    God:
Gold:   97         SH:  0    Dex: 15    Spells: 3/3 levels left

rFire   . . .        Y - +0 shortbow
rCold   . . .        (shield currently unavailable)
rNeg    + . .        c - +0 leather armour
rPois   inf          (no helmet)
rElec   +            l - +0 cloak
rCorr   .            (no gloves)
SInv    .            i - +0 pair of boots
Will    .....        (no amulet)
Stlth   ++           (no ring)
HPRegen 0.24/turn    (no ring)
MPRegen 0.09/turn

%: no passive effects
@: no status effects
A: sickness immunity, AC +3, negative energy resistance 1, electricity
resistance, torment resistance 1, petrification resistance
a: no special abilities


You were on level 3 of the Dungeon.
You visited 1 branch of the dungeon, and saw 3 of its levels.

You collected 97 gold pieces.


Innate Abilities, Weirdness & Mutations

You are immune to sickness and miasma.
Your stone body is resilient. (AC +3)
You are immune to poison.
You resist negative energy. (rN+)
You are resistant to electric shocks. (rElec)
You are resistant to unholy torment.
You are immune to petrification.


   Skills:
 - Level 3.1 Fighting
 + Level 5.1 Ranged Weapons
 - Level 1.0 Armour
 - Level 1.5 Dodging
 - Level 1.1 Stealth


You had 3 spell levels left.
You didn't know any spells.
Your spell library was empty.

Inventory:

Hand Weapons
 Y - a +0 shortbow (weapon)
Armour
 b - a +0 helmet
 c - a +0 leather armour (worn)
 i - a +0 pair of boots (worn)
 l - a +0 cloak (worn)
Jewellery
 a - a ring of positive energy
Potions
 e - a potion of curing {unknown}
 f - a potion of berserk rage {unknown}
 g - a potion of mutation {unknown}
 k - a potion of degeneration {unknown}

Dungeon Overview and Level Annotations

Branches:
Dungeon (2/15)

Altars:
Elyvilon
Ru

Shops:
D:1 (

Annotations:
D:3 Robin


Message History

The endoplasm hits you but does no damage.
The goblin hits you with a +0 club.
You shoot an arrow.
The arrow hits the endoplasm but does no damage.
The goblin no longer looks unusually strong.
The endoplasm freezes you.
You are frozen.
The goblin hits you but does no damage. The endoplasm freezes you.
You are frozen.
The goblin hits you with a +0 club.
You shoot an arrow. The arrow hits the endoplasm.
You kill the endoplasm!
The goblin hits you but does no damage.
You shoot an arrow.
The arrow hits the kobold but does no damage.
The goblin hits you with a +0 club.
The kobold hits you with a +0 short sword.
You shoot an arrow.
The arrow hits the kobold but does no damage.
The kobold hits you but does no damage. The goblin hits you but does no damage.
Robin roars a battlecry!
The goblin goes into a battle-frenzy!
You shoot an arrow. The arrow hits the kobold.
The kobold is severely wounded.
The goblin hits you with a +0 club. The kobold hits you but does no damage.
You shoot an arrow. The arrow hits the kobold.
You kill the kobold!
The goblin closely misses you.
You shoot an arrow. The arrow barely misses Robin.
The goblin hits you with a +0 club.
Robin says, "A pitiful Gargoyle like you will never find the ORB!"
Robin hits you but does no damage. The goblin closely misses you.
Robin hits you but does no damage.
You shoot an arrow. The arrow hits Robin.
Robin is severely wounded.
The goblin closely misses you. Robin hits you with a +0 whip.
You shoot an arrow. The arrow hits Robin.
Robin is severely wounded.
The goblin barely misses you. Robin hits you with a +0 whip.
You die...
Robin calls out, "Let's celebrate!
Time for a feast!"

#.. .}. ... #.# #.#
# ##.## ####
...###...###...#%..
.}....._.g@g.}..)..
..###...###...#$%g
##.## #### #.#
##.## #...# #.}.#
#...# ##.##


You could see Robin and a goblin (strong).

Vanquished Creatures
  An iguana (D:2)
  A dart slug (D:1)
  4 ball pythons
  6 bats
  5 endoplasms
  A giant cockroach (D:3)
  5 hobgoblins
  3 kobolds
  3 frilled lizards (D:1)
  9 goblins
  4 rats
42 creatures vanquished.

Notes
Turn   | Place    | Note
-------+----------+-------------------------------------------
     0 | D:1      | qw the Gargoyle Hunter began the quest for the Orb.
     0 | D:1      | Reached XP level 1. HP: 12/12 MP: 1/1
     0 | D:1      | 0 ||| qw: Version: 0.3-a-76-g4403597
     0 | D:1      | 0 ||| qw: Game counter: 703
     0 | D:1      | 0 ||| qw: Melee chars always use a shield: true
     0 | D:1      | 0 ||| qw: God list: Okawaru
     0 | D:1      | 0 ||| qw: Allow faded altars: false
     0 | D:1      | 0 ||| qw: Do Orc after clearing Dungeon:15 true
     0 | D:1      | 0 ||| qw: Do second Lair branch before Depths: true
     0 | D:1      | 0 ||| qw: Lair rune preference: random
     0 | D:1      | 0 ||| qw: Goals: Normal
     0 | D:1      | 0 ||| PLANNING D:1-11
   307 | D:1      | Reached XP level 2. HP: 16/17 MP: 2/2
   310 | D:1      | Found a faded altar of an unknown god.
   460 | D:1      | Found Mutos's Weapon Shoppe.
   886 | D:1      | 886 ||| UPGRADING to +0 pair of boots.
   891 | D:1      | 891 ||| UPGRADING to +0 cloak.
   896 | D:1      | 896 ||| READING 2 scrolls labelled QIENAM OKHLUTHRU.
   897 | D:1      | 897 ||| READING scroll labelled NOAFUV NULOPT.
   898 | D:1      | 898 ||| READING scroll labelled FIHYUSSAPUTA.
   899 | D:1      | 899 ||| DROPPING scroll of blinking.
   900 | D:1      | 900 ||| DROPPING scroll of butterflies.
  1037 | D:2      | Reached XP level 3. HP: 21/21 MP: 3/3
  1054 | D:2      | Reached skill level 5 in Ranged Weapons
  1150 | D:2      | Reached skill level 3 in Fighting
  1225 | D:2      | You fall into a shaft and drop 1 floor!
  1241 | D:3      | Reached XP level 4. HP: 28/28 MP: 4/4
  1250 | D:3      | Found a sacrificial altar of Ru.
  1349 | D:3      | Found a white marble altar of Elyvilon.
  1363 | D:3      | Noticed Robin
  1364 | D:3      | 1364 ||| Stepping ~*~*~tactically~*~*~ (outnumbered).
  1367 | D:3      | Reached skill level 1 in Armour
  1382 | D:3      | HP: 7/28 [kobold/+0 short sword (2)]
  1384 | D:3      | HP: 2/28 [goblin/+0 club[Robin] (6)]
  1388 | D:3      | Slain by Robin

Levels and vault maps discovered:
D:1:      denvon_arrival_waterhouse, layout_basic,
          chequers_ecumenical_altar_simple, serial_shops,
          nicolae_shop_tiny_glass
D:2:      layout_loops_ring, serial_shops, shop, grunt_ministairs_15,
          patterned_corridor
D:3:      layout_loops_ring, mainiacjoe_overflow_six_doors_small,
          elyvilon_altar_1, uniq_robin, uniq_natasha, uniq_sigmund

Skill      XL: |  1  2  3  4 |
---------------+-------------+-----
Ranged Weapons | 5 |  5.1
Fighting       | 3 |  3.1
Armour         | 1 |  1.0
Dodging        | |  1.5
Stealth        | |  1.1

Action                     |  1- 3 |  4- 6 || total
---------------------------+-------+-------++-------
   Fire: Shortbow          |    78 |    38 ||   116
    Use: Scroll            |     3 |       ||     3
 Armour: Leather armour    |    14 |    33 ||    47
  Dodge: Dodged            |    17 |    20 ||    37

Table legend:
 A = Non-vault XP
 B = Vault XP
 C = Vault XP percentage of total XP
 D = Non-vault monster count
 E = Vault monster count
 F = Vault count percentage of total count
                 A         B        C        D         E       F
            +---------+---------+-------+---------+---------+-------
      Total |      88 |      20 |  18.5 |      31 |      11 |  26.2
            +---------+---------+-------+---------+---------+-------
        D:1 |      32 |       0 |   0.0 |      19 |       0 |   0.0
        D:2 |      46 |       3 |   6.1 |       7 |       2 |  22.2
        D:3 |      10 |      17 |  63.0 |       5 |       9 |  64.3
            +---------+---------+-------+---------+---------+-------
